Map: Whirlwind LE (Void)

Players

artwo

  • Race: Terran Terran
  • League: Gold
  • Spawn Location: 11:00

Fropez - Winner!

  • Race: Protoss Protoss
  • League: Gold
  • Spawn Location: 5:00

VOD

Have the link to the VOD?

Description

Time

  • Played on: Dec. 1, 2016, 5:05 p.m.
  • Length: 30:07
Show
View Real Time Build Order
Export as new Build Order

artwo Terran 

Build Orders: MMM Bio 

Get SALT Encoding   

  12  0:22  Supply Depot  
  12  0:24  SCV  
  13  0:29  Refinery  
  13  0:36  SCV  
  14  0:44  Barracks  
  14  0:48  SCV  
  15  0:55  Supply Depot  
  15  1:01  SCV  
  16  1:13  SCV  
  17  1:25  SCV  
  18  1:33  Reaper  
  18  1:37  SCV  
  20  1:40  Refinery  
  20  1:50  Engineering Bay  
  20  1:55  Factory  
  20  2:07  Orbital Command  
  20  2:19  Barracks Reactor  
  20  2:21  Missile Turret  
  20  2:39  SCV  
  20  2:40  Factory Reactor  
  21  2:50  Bunker  
  21  2:51  SCV  
  21  3:45  Marine x2  
  22  3:48  Cyclone  
  22  3:49  Cyclone  
  28  3:59  Supply Depot  
  28  4:03  Marine x2  
  28  4:05  Barracks  
  30  4:13  Supply Depot  
  30  4:21  Marine x2, Cyclone  
  35  4:30  Cyclone  
  38  4:47  Marine x2  
  40  4:54  Barracks Tech Lab  
  40  5:10  Command Center  
  40  5:16  Cyclone  
  40  5:18  Cyclone  
  46  5:25  Supply Depot  
  46  5:43  Stimpack  
  46  5:46  Marine x2, Marauder  
  50  5:52  Supply Depot  
  50  5:57  Terran Infantry Weapons Level 1  
  50  6:04  Marine x2  
  52  6:21  Missile Turret  
  52  6:37  Marine x3  
  55  6:48  Missile Turret  
  55  6:55  Marine  
  55  7:04  Orbital Command  
  54  7:19  Marauder  
  56  7:28  SCV  
  57  7:38  Starport  
  57  7:39  Widow Mine  
  57  7:40  SCV, Marauder  
  57  7:42  Widow Mine  
  64  7:48  SCV  
  64  7:51  Terran Infantry Armor Level 1  
  65  7:53  Combat Shields  
  65  8:00  SCV, Supply Depot  
  65  8:03  Refinery  
  66  8:09  Missile Turret  
  66  8:15  Missile Turret  
  66  8:27  Marine x2, Marauder  
  70  8:37  Starport Reactor  
  70  8:42  Missile Turret  
  70  8:48  Marauder  
  72  8:59  Widow Mine x2  
  72  9:02  SCV  
  77  9:03  Missile Turret  
  77  9:07  Refinery  
  77  9:14  SCV, Missile Turret  
  78  9:26  SCV  
  77  9:38  SCV  
  78  9:47  Command Center  
  78  9:50  SCV  
  70  10:23  Marine x2, Marauder  
  70  10:25  Cyclone  
  70  10:26  Cyclone  
  80  10:41  Marine x2  
  82  10:44  Marauder  
  84  11:05  Marauder  
  84  11:23  Planetary Fortress  
  84  11:24  Missile Turret  
  84  11:38  Missile Turret  
  84  11:47  Missile Turret  
  84  11:53  Medivac  
  86  12:24  SCV, Medivac, Cyclone  
  92  12:36  SCV  
  91  12:48  SCV  
  92  13:00  SCV  
  93  13:13  SCV  
  93  13:18  Command Center  
  93  13:19  Missile Turret  
  94  13:28  Marine x4  
  98  13:46  Marine x3  
  101  14:23  Raven  
  102  14:41  Refinery  
  102  14:45  Refinery  
  101  15:03  Supply Depot  
  101  15:06  Raven  
  103  15:19  Planetary Fortress  
  103  15:25  Supply Depot  
  103  15:36  SCV  
  104  15:48  Starport, SCV  
  104  15:50  Starport  
  103  16:00  SCV  
  102  16:13  SCV  
  102  16:14  Missile Turret  
  103  16:25  SCV  
  101  16:37  SCV  
  101  16:45  Starport Reactor, Starport Tech Lab  
  101  16:46  Cloaking Field  
  101  16:48  Command Center  
  101  16:49  SCV  
  101  16:52  Supply Depot x2  
  101  16:54  Supply Depot  
  102  16:59  Refinery  
  102  17:00  SCV  
  103  17:13  SCV  
  104  17:16  Supply Depot  
  104  17:17  Supply Depot  
  104  17:25  SCV  
  104  17:28  Refinery  
  105  17:32  SCV  
  106  17:37  Marine  
  106  17:38  Marine x3  
  106  17:42  Widow Mine x2  
  114  17:44  SCV  
  115  17:55  Marine x2  
  115  17:56  Marine x2, SCV  
  120  18:02  Missile Turret  
  120  18:08  SCV  
  120  18:10  Widow Mine  
  120  18:11  Widow Mine  
  125  18:13  Marine  
  125  18:15  Planetary Fortress  
  125  18:19  Missile Turret  
  126  18:20  SCV  
  126  18:23  Missile Turret  
  127  18:41  Missile Turret  
  127  18:43  Missile Turret  
  127  19:16  Refinery  
  127  19:17  Refinery  
  127  19:20  Liberator  
  127  19:21  Supply Depot, Liberator x3  
  127  19:22  Supply Depot  
  127  19:23  Supply Depot  
  127  19:30  Hyperflight Rotors  
  127  19:32  Corvid Reactor  
  139  20:04  Building Armor  
  139  20:20  SCV  
  136  20:32  SCV  
  110  20:44  SCV  
  111  20:56  SCV  
  111  21:08  SCV  
  96  21:44  Hi-Sec Auto Tracking  
  87  22:02  Banshee  
  84  22:11  Viking x3  
  81  22:41  Viking x3  
  85  22:45  Banshee  
  81  23:11  Viking x3  
  83  23:13  Supply Depot x2  
  64  23:28  Banshee  
  64  23:41  Viking x2  
  56  24:11  Banshee  
  44  24:53  Orbital Command, Banshee  
  39  25:29  Marine x4  
  43  25:47  Marine x4  
  47  26:05  Marine x3  
  50  26:24  Command Center  
  50  26:55  Marine x4  
  54  27:13  Marine x4  
  58  27:30  Marine  
  58  27:31  Marine  
  60  27:45  Orbital Command  
  60  28:09  Marine x4  
  61  28:27  Marine x4  
  56  28:36  Bunker  
  56  28:45  Marine x4  
  60  29:02  Marine  
  60  29:03  Marine x2  
  60  29:09  Bunker  
  63  29:18  Marine  
  61  29:32  SCV  
  53  29:44  SCV  
Show
View Real Time Build Order
Export as new Build Order

Fropez Protoss - Winner!

Build Orders: 1 Gate Expand 

Get SALT Encoding   

  12  0:02  Probe (Chrono Boost)  
  13  0:14  Pylon  
  13  0:23  Probe (Chrono Boost)  
  13  0:28  Assimilator  
  14  0:39  Gateway  
  14  0:41  Probe (Chrono Boost)  
  15  0:51  Probe (Chrono Boost)  
  16  1:02  Probe (Chrono Boost)  
  17  1:12  Probe (Chrono Boost)  
  18  1:26  Nexus  
  18  1:36  Pylon  
  18  1:57  Pylon, Probe (Chrono Boost)  
  18  2:00  Assimilator  
  19  2:03  Cybernetics Core  
  19  2:08  Probe (Chrono Boost)  
  20  2:18  Probe (Chrono Boost)  
  21  2:23  Pylon  
  21  2:29  Probe (Chrono Boost)  
  23  2:44  Gateway  
  23  2:45  Warp Gate (Chrono Boost)  
  23  2:47  Mothership Core (Chrono Boost)  
  23  2:50  Stalker (Chrono Boost)  
  26  2:55  Probe (Chrono Boost)  
  27  3:14  Probe  
  27  3:18  Probe  
  27  3:36  Probe  
  27  3:37  Probe  
  29  3:43  Stalker x2 (Chrono Boost)  
  32  3:48  Probe  
  32  3:49  Probe  
  32  3:51  Twilight Council  
  34  4:09  Probe  
  34  4:10  Probe  
  36  4:20  Probe  
  37  4:29  Probe, Gateway  
  38  4:32  Probe  
  38  4:35  Gateway x2  
  39  4:38  Blink (Chrono Boost)  
  39  4:42  Forge  
  39  4:46  Probe x2, Assimilator  
  39  4:50  Pylon  
  41  4:58  Probe  
  42  5:02  Probe, Stalker  
  42  5:05  Protoss Ground Weapons Level 1 (Chrono Boost)  
  45  5:09  Stalker  
  47  5:16  Probe x2  
  50  5:28  Probe x2  
  50  5:30  Stalker  
  53  5:40  Adept x3  
  59  5:54  Probe  
  59  5:55  Pylon  
  60  5:58  Assimilator  
  60  6:06  Probe  
  60  6:09  Photon Cannon  
  60  6:11  Probe  
  62  6:18  Pylon  
  62  6:19  Probe  
  62  6:22  Adept  
  62  6:23  Adept x3  
  71  6:31  Resonating Glaives (Chrono Boost)  
  70  6:33  Sentry  
  72  6:44  Dark Shrine  
  72  6:49  Stalker x2  
  72  6:50  Stalker x2  
  80  7:00  Protoss Ground Armor Level 1 (Chrono Boost)  
  78  7:17  Adept x2, Forge  
  78  7:18  Adept x2  
  86  7:25  Pylon  
  86  7:30  Pylon  
  86  7:33  Pylon  
  86  7:37  Pylon  
  86  7:46  Pylon  
  86  7:54  Stalker x2  
  86  7:55  Stalker x3  
  96  7:58  Protoss Ground Weapons Level 2 (Chrono Boost)  
  96  8:07  Probe x2  
  98  8:19  Probe  
  99  8:25  Probe  
  100  8:31  Sentry  
  100  8:32  Pylon, Sentry x4  
  110  8:38  Gateway  
  110  8:40  Probe  
  110  8:41  Probe  
  112  8:47  Robotics Facility  
  112  8:50  Pylon  
  112  8:53  Probe  
  113  9:06  Photon Cannon  
  113  9:14  Stalker x5  
  123  9:24  Probe  
  123  9:25  Probe  
  123  9:28  Photon Cannon  
  126  9:38  Observer (Chrono Boost)  
  126  9:50  Photon Cannon  
  126  10:02  Pylon  
  126  10:06  Pylon  
  118  10:10  Photon Cannon  
  118  10:18  Dark Templar x5  
  118  10:20  Photon Cannon  
  128  10:25  Nexus  
  128  10:27  Pylon  
  107  10:50  Zealot  
  108  10:59  Zealot  
  108  11:01  Zealot  
  108  11:02  Zealot  
  114  11:06  Adept x2  
  111  11:57  Dark Templar  
  111  11:58  Dark Templar x5  
  111  12:00  Probe  
  124  12:10  Probe  
  124  12:11  Probe  
  126  12:29  Observer (Chrono Boost)  
  125  12:36  Gateway  
  125  12:37  Pylon  
  125  12:38  Photon Cannon  
  125  12:45  Pylon  
  125  13:04  Protoss Ground Weapons Level 3  
  123  13:19  Warp Prism (Chrono Boost)  
  125  13:24  Protoss Ground Armor Level 2  
  125  13:29  Assimilator  
  125  13:31  Adept x3  
  125  13:32  Adept x3  
  125  13:34  Assimilator  
  137  13:51  Observer (Chrono Boost)  
  130  15:25  Probe  
  130  15:26  Probe x2  
  133  15:34  Pylon  
  133  15:35  Pylon  
  133  15:37  Dark Templar  
  133  15:38  Dark Templar x6  
  133  15:39  Pylon  
  133  15:42  Pylon, Archon x3  
  145  15:47  Nexus  
  145  15:56  Nexus  
  145  16:08  Nexus  
  145  16:10  Dark Templar  
  145  16:11  Dark Templar x6  
  149  16:13  Assimilator  
  149  16:17  Assimilator  
  157  16:21  Pylon  
  157  16:25  Pylon  
  145  16:36  Pylon  
  145  16:38  Pylon  
  143  16:45  Pylon, Protoss Ground Armor Level 3 (Chrono Boost)  
  143  16:46  Protoss Shields Level 1 (Chrono Boost)  
  143  16:51  Pylon  
  143  16:55  Pylon  
  143  16:58  Stargate  
  143  16:59  Pylon  
  143  17:00  Stargate  
  143  17:02  Pylon, Stargate  
  143  17:04  Photon Cannon  
  143  17:05  Photon Cannon  
  143  17:07  Pylon  
  143  17:17  Dark Templar  
  143  17:20  Probe  
  146  17:27  Probe  
  145  17:31  Probe x2  
  147  17:37  Assimilator  
  147  17:42  Assimilator  
  147  17:56  Probe  
  144  18:21  Fleet Beacon  
  144  18:22  Gateway  
  144  18:24  Gateway  
  144  18:26  Gateway  
  144  18:28  Gateway  
  144  18:35  Gateway x2  
  144  18:36  Pylon  
  142  19:05  Dark Templar x2  
  142  19:06  Probe, Dark Templar x4  
  155  19:16  Probe  
  155  19:21  Tempest x2  
  168  19:25  Tempest  
  168  19:27  Probe  
  175  19:37  Probe  
  175  19:42  Assimilator  
  176  19:46  Assimilator, Zealot x5  
  176  19:47  Zealot x5  
  176  19:48  Zealot x2  
  200  20:11  Zealot  
  200  20:30  Charge (Chrono Boost)  
  184  20:39  Zealot x4  
  184  20:40  Zealot x4  
  184  20:41  Zealot x3  
  164  21:43  Protoss Shields Level 2  
  154  21:55  Zealot x2  
  154  21:56  Zealot x6  
  154  21:57  Zealot x4  
  164  22:33  Dark Templar  
  164  22:34  Dark Templar x5  
  164  22:35  Dark Templar  
  164  22:36  Dark Templar x5  
  188  22:43  Tempest x2  
  194  22:54  Cybernetics Core  
  194  22:56  Cybernetics Core  
  191  23:05  Observer  
  175  23:19  Nexus  
  175  23:23  Assimilator  
  169  23:27  Observer, Assimilator  
  169  23:32  Pylon  
  154  23:36  Pylon  
  146  23:43  Zealot x6  
  146  23:44  Zealot x3  
  146  23:45  Zealot x3  
  167  23:48  Observer  
  167  23:50  Gateway  
  167  23:52  Gateway x2  
  159  23:55  Nexus  
  159  23:58  Gateway  
  159  24:00  Gateway  
  151  24:03  Gateway  
  151  24:04  Gateway  
  151  24:05  Gateway  
  125  24:31  Stalker x5  
  127  24:32  Stalker x2  
  127  24:38  Probe  
  126  24:40  Probe x2  
  125  24:58  Probe x2  
  123  25:00  Probe x2  
  123  25:01  Probe  
  120  25:18  Nexus  
  120  25:20  Templar Archives  
  119  25:47  Zealot x4  
  119  25:48  Zealot x5  
  119  25:49  Zealot x2  
  141  25:50  Stalker x5  
  147  26:01  Zealot  
  147  26:02  Zealot x3  
  155  26:17  Observer  
  156  26:22  Probe  
  156  26:23  Probe  
  157  26:34  Stalker x5  
  157  26:35  Stalker x2  
  150  27:01  High Templar x6  
  150  27:02  High Templar x5  
  150  27:03  High Templar  
  150  27:05  Archon x3  
  150  27:06  Archon x2  
  150  27:07  Archon  
  164  27:10  Probe  
  163  27:20  Probe  
  163  27:22  Tempest  
  167  27:31  Probe  
  167  27:32  Probe  
  169  27:41  Probe  
  169  27:43  Probe  
  168  27:46  Tempest  
  173  27:52  Probe  
  174  28:00  Pylon  
  163  28:35  Stalker x5  
  163  28:36  Stalker x4  
  163  28:37  Stalker x3  
  176  28:48  Probe  
  176  28:49  Probe x3  
  176  28:50  Probe x3  
  178  28:58  Assimilator  
  176  29:04  Probe  
  177  29:15  Probe  
  178  29:25  Probe  
  179  29:36  Probe  
  180  29:44  High Templar x2  
  180  29:45  High Templar x5  
  198  29:48  Archon  
  198  29:49  Archon x2  
Tags
 
Composition
MMM Bio
League
GoldGold
Matchup
PvT
Replay Pack
All Mines
Spawn Locations
Cross Positions
Add a new tag
Caveats
  • Supply blocks, unpowered buildings, or Contaminate may cause inaccurate times.
  • Supply counts are checked every 10 seconds.